 Dungeon Sprint DCSS version 0.21-a0-400-g417d9d2 (webtiles) character file.

6896 Kidiri the Eclecticist (level 10, -1/60 HPs)
             Began as a Deep Elf Fire Elementalist on Oct 20, 2017.
             Was the Champion of Vehumet.
             Slain by a spiny frog (15 damage)
             ... in the Dungeon (Sprint III: "The Ten Rune Challenge").
             The game lasted 00:16:00 (1864 turns).

Kidiri the Eclecticist (Deep Elf Fire Elementalist) Turns: 1864, Time: 00:16:01

Health: -1/60      AC:  5    Str:  5    XL:     10   Next: 79%
Magic:  18/31      EV: 18    Int: 27    God:    Vehumet [******]
Gold:   67         SH:  0    Dex: 15    Spells: 5/40 levels left

rFire    . . .     SeeInvis .   j - +0 dagger
rCold    + . .     Gourm    .   (no shield)
rNeg     + . .     Faith    .   a - +0 robe
rPois    .         Spirit   .   (helmet restricted)
rElec    .         Reflect  .   (no cloak)
rCorr    +         Harm     .   C - +0 pair of gloves
MR       +....     NoTele   +   (no boots)
Stlth    +.........             (no amulet)
HPRegen  0.60/turn              u - ring "Jiptatunk" {rCorr rC+ rN+ Stlth-}
MPRegen  0.22/turn              y - +3 ring of intelligence

@: very slow
A: antennae 1, iridescent scales 1, regeneration 1
a: Renounce Religion


You were in the Dungeon.
You worshipped Vehumet.
Vehumet was exalted by your worship.
You were not hungry.

You visited 1 branch You collected 67 gold pieces.

Inventory:

Hand Weapons
 j - a +0 dagger (weapon)
Armour
 a - a +0 robe (worn)
 C - a +0 pair of gloves (worn)
Jewellery
 u - the ring "Jiptatunk" (left hand) {rCorr rC+ rN+ Stlth-}
   (You found it in the Dungeon)

   [ring of resist corrosion]

   It protects you from cold.
   It protects you from negative energy.
   It makes you less stealthy.
 y - a +3 ring of intelligence (right hand)
Wands
 b - a wand of disintegration (10/24)
 t - a wand of polymorph (14/24)
 E - a wand of lightning (2/15)
Scrolls
 i - a scroll of blinking
 l - a scroll of immolation
 n - 4 scrolls of remove curse
 q - a scroll of holy word
 r - a scroll of recharging
 x - a scroll of fear {unknown}
Potions
 c - a potion of ambrosia
 d - a potion of curing
 f - a potion of haste
 g - 2 potions of magic
 h - a potion of berserk rage
 k - 3 potions of mutation
 p - 3 potions of flight
 z - a potion of might
Comestibles
 o - 26 royal jellies
 s - 2 meat rations
 v - 2 fruits


   Skills:
 + Level 6.3 Fighting
 + Level 7.4 Short Blades
 + Level 6.3 Armour
 + Level 9.4 Dodging
 - Level 2.4 Stealth
 * Level 15.7 Spellcasting
 + Level 9.8 Conjurations
 + Level 10.3 Fire Magic
 + Level 3.2 Ice Magic
 + Level 7.4 Air Magic
 + Level 6.1 Earth Magic
 + Level 8.2 Poison Magic


You had 5 spell levels left.
You knew the following spells:

 Your Spells              Type           Power        Failure   Level  Hunger
a - Flame Tongue          Conj/Fire      #####        1%          1    None
b - Throw Flame           Conj/Fire      ######       1%          2    None
c - Conjure Flame         Conj/Fire      ######..     1%          3    None
d - Inner Flame           Hex/Fire       #####...     1%          3    None
e - Sticky Flame          Conj/Fire      ######..     1%          4    None
f - Fireball              Conj/Fire      ######....   1%          5    None
g - Bolt of Magma         Conj/Fire/Erth ######....   1%          5    None
h - Bolt of Cold          Conj/Ice       ######....   7%          6    ####...
i - Stone Arrow           Conj/Erth      ######       1%          3    None
j - Mephitic Cloud        Conj/Pois/Air  ######..     1%          3    None


Dungeon Overview and Level Annotations

Branches:
Dungeon (1/1)

Altars:
Cheibriados
Dithmenos
Elyvilon
Fedhas
Gozag
Hepliaklqana
Kikubaaqudgha
Makhleb
Nemelex Xobeh
Okawaru
Qazlal
Ru
Sif Muna
Trog
Uskayaw
Vehumet
Wu Jian
Xom
Yredelemnul
Zin
The Shining One
Beogh
Jiyva
Lugonu

Annotations:
D exclusions: 2 doors and 1 more exclusion


Innate Abilities, Weirdness & Mutations

You have a pair of small antennae on your head.
You are partially covered in iridescent scales. (AC +2)
Your natural rate of healing is unusually fast.


Message History

Confirm with . or Enter, or press ? or * to list all spells.
Aiming: Bolt of Magma
Press: ? - help, Shift-Dir - straight line, f/p - komodo dragon
Aim: a komodo dragon (almost dead)
The bolt of magma misses the spiny frog.
The bolt of magma hits the komodo dragon.
You kill the komodo dragon!
Vehumet accepts your kill.
You feel sick. The spiny frog stings you!!
* * * LOW HITPOINT WARNING * * *
You are more poisoned.
The spiny frog poisons you! The spiny frog closely misses you.
Unknown command.
You feel much better.
You feel very sick. The spiny frog stings you!
* * * LOW HITPOINT WARNING * * *
Unknown command.
You feel better. The spiny frog stings you!
You die...

≈≈≈♣.♣♣.'.⌠........#
≈≈≈≈≈♣..#...######'#
≈≈≈≈....#.⌠.#__#...#+############
≈≈≈.....#...#__#...#....#.#.#..%%
≈.......#'###__#...##.#..#.##.###
........#..[#__#...'##.#.#.##.#..
........#___#__+...#...#..#..##..
▓▓▓▓▓▓▓▓▓▓▓▓▓▓▓▓▓▓▓▓▓▓▓▓▓▓▓▓▓▓▓▓▓
♣@≈≈........≈≈≈...
♣F♣≈≈≈≈≈≈≈≈≈≈≈≈.♣P%
.≈♣♣♣♣♣♣♣♣♣♣♣♣♣...%. #.† ♣♣....
## ♣♣♣♣♣♣♣....♣ #≈≈≈≈≈≈..#..
#≈≈≈≈≈.§.#=. #+≈≈≈≈§####+
#≈≈..§..§§


You could see a spiny frog.

Vanquished Creatures
  2 hydras (D)
  Erolcha (D)
  A deep elf mage (D)
  A spiny frog (D)
  A komodo dragon (D)
  A queen bee (D)
  2 redbacks (D)
  A shadow (D)
  3 wandering mushrooms (D)
  A spatial vortex (D)
  A hydra simulacrum (D)
  A necrophage (D)
  5 two-headed ogres (D)
  A water elemental (D)
  30 killer bees (D)
  An electric eel (D)
  A jelly (D)
  A wizard (D)
  A necromancer (D)
  A polar bear simulacrum (D)
  2 wolf simulacra (D)
  3 humans (D)
  A kobold demonologist (D)
  An ooze (D)
  A phantom (D)
  3 rats (D)
  2 plants (D)
70 creatures vanquished.

Vanquished Creatures (collateral kills)
  2 killer bees (D)
2 creatures vanquished.

Vanquished Creatures (others)
  2 draconian scorchers (D)
  A yaktaur (D)
  6 hellions (D)
  A plant (D)
10 creatures vanquished.

Grand Total: 82 creatures vanquished

Notes
Turn   | Place    | Note
-------+----------+-------------------------------------------
     0 | D        | Kidiri the Deep Elf Fire Elementalist began the quest for the Orb.
     0 | D        | Reached XP level 1. HP: 10/10 MP: 6/6
     4 | D        | Reached skill level 4 in Spellcasting
    62 | D        | Killed a yaktaur
    96 | D        | Killed a hellion
   110 | D        | Killed a hellion
   111 | D        | Killed a hellion
   140 | D        | Reached skill level 5 in Spellcasting
   140 | D        | Reached XP level 2. HP: 15/15 MP: 5/10
   144 | D        | Learned a level 2 spell: Throw Flame
   158 | D        | Gained mutation: You are dopey. (Int -2) [potion of mutation]
   158 | D        | Gained mutation: You are partially covered in molten scales. (AC +2) [potion of mutation]
   158 | D        | Gained mutation: You are partially covered in icy blue scales. (AC +2) [potion of mutation]
   159 | D        | Lost mutation: You are partially covered in molten scales. (AC +2) [potion of mutation]
   159 | D        | Lost mutation: You are dopey. (Int -2) [potion of mutation]
   159 | D        | Lost mutation: You are partially covered in icy blue scales. (AC +2) [potion of mutation]
   159 | D        | Gained mutation: You have a pair of small antennae on your head. [potion of mutation]
   159 | D        | Gained mutation: You are partially covered in iridescent scales. (AC +2) [potion of mutation]
   159 | D        | Gained mutation: You have supernaturally acute eyesight. (SInv) [potion of mutation]
   159 | D        | Gained mutation: Your natural rate of healing is unusually fast. [potion of mutation]
   193 | D        | Reached skill level 6 in Spellcasting
   193 | D        | Reached XP level 3. HP: 19/19 MP: 2/12
   198 | D        | Learned a level 3 spell: Conjure Flame
   199 | D        | Killed a hellion
   201 | D        | Killed a hellion
   202 | D        | Learned a level 3 spell: Inner Flame
   204 | D        | Killed a white draconian scorcher
   228 | D        | Killed a white draconian scorcher
   267 | D        | Killed a hellion
   268 | D        | Noticed a water elemental
   269 | D        | Killed a water elemental
   269 | D        | Reached skill level 8 in Spellcasting
   269 | D        | Reached skill level 5 in Fire Magic
   269 | D        | Reached XP level 4. HP: 1/24 MP: 8/16
   275 | D        | Learned a level 4 spell: Sticky Flame
   321 | D        | Found a radiant altar of Vehumet.
   322 | D        | Noticed a wizard
   323 | D        | Killed a wizard
   323 | D        | Reached skill level 9 in Spellcasting
   323 | D        | Reached skill level 5 in Conjurations
   324 | D        | Found a deep blue altar of Sif Muna.
   324 | D        | Found an ancient bone altar of Kikubaaqudgha.
   324 | D        | Noticed a neqoxec
   324 | D        | Lost mutation: You have supernaturally acute eyesight. (SInv) [a neqoxec]
   343 | D        | Became a worshipper of Vehumet
   405 | D        | Learned a level 3 spell: Mephitic Cloud
   414 | D        | Found a glowing silver altar of Zin.
   415 | D        | Found a glowing golden altar of the Shining One.
   415 | D        | Found a white marble altar of Elyvilon.
   415 | D        | Noticed a deep elf mage
   420 | D        | Noticed an ice beast
   420 | D        | Killed a deep elf mage
   420 | D        | Reached skill level 5 in Dodging
   420 | D        | Reached skill level 11 in Spellcasting
   420 | D        | Reached XP level 5. HP: 32/32 MP: 7/21
   420 | D        | Reached XP level 6. HP: 36/36 MP: 7/22
   420 | D        | Reached XP level 7. HP: 40/40 MP: 7/24
   427 | D        | Learned a level 5 spell: Fireball
   519 | D        | Found an ornate altar of the Wu Jian Council.
   519 | D        | Found a roughly hewn altar of Beogh.
   519 | D        | Found an iron altar of Okawaru.
   519 | D        | Found a bloodstained altar of Trog.
   519 | D        | Found a hide-covered altar of Uskayaw.
   519 | D        | Noticed a human
   519 | D        | Noticed a human
   525 | D        | Killed a human
   529 | D        | Killed a human
   529 | D        | Reached * piety under Vehumet
   529 | D        | Offered knowledge of Shock by Vehumet.
   529 | D        | Reached skill level 12 in Spellcasting
   619 | D        | Found a basalt altar of Yredelemnul.
   619 | D        | Found a shadowy altar of Dithmenos.
   619 | D        | Found a sacrificial altar of Ru.
   697 | D        | Noticed a shadow
   698 | D        | Offered knowledge of Freeze by Vehumet.
   698 | D        | Reached ** piety under Vehumet
   705 | D        | Killed a shadow
   705 | D        | Reached XP level 8. HP: 48/48 MP: 12/26
   719 | D        | Found a blossoming altar of Fedhas.
   719 | D        | Found a stormy altar of Qazlal.
   719 | D        | Found a snail-covered altar of Cheibriados.
   719 | D        | Found a burning altar of Makhleb.
   719 | D        | Found a shimmering altar of Xom.
   720 | D        | Found a hazy altar of Hepliaklqana.
   720 | D        | Found an opulent altar of Gozag.
   720 | D        | Found a sparkling altar of Nemelex Xobeh.
   720 | D        | Found a corrupted altar of Lugonu.
   720 | D        | Found a viscous altar of Jiyva.
   732 | D        | Reached skill level 5 in Poison Magic
   846 | D        | Offered knowledge of Stone Arrow by Vehumet.
   846 | D        | Reached *** piety under Vehumet
   923 | D        | Learned a level 3 spell: Stone Arrow
   963 | D        | Noticed a two-headed ogre
   979 | D        | Killed a two-headed ogre
   979 | D        | Offered knowledge of Static Discharge by Vehumet.
   979 | D        | Reached skill level 5 in Short Blades
   979 | D        | Reached skill level 13 in Spellcasting
   979 | D        | Reached skill level 5 in Air Magic
  1000 | D        | Killed a two-headed ogre
  1000 | D        | Reached skill level 1 in Earth Magic
  1060 | D        | Noticed Erolcha
  1065 | D        | Reached **** piety under Vehumet
  1067 | D        | Reached XP level 9. HP: 52/52 MP: 11/28
  1068 | D        | Killed Erolcha
  1068 | D        | Reached skill level 5 in Fighting
  1068 | D        | Reached skill level 5 in Armour
  1068 | D        | Reached skill level 14 in Spellcasting
  1238 | D        | Noticed a queen bee
  1239 | D        | Offered knowledge of Bolt of Magma by Vehumet.
  1242 | D        | Reached ***** piety under Vehumet
  1253 | D        | Killed a queen bee
  1255 | D        | Reached ****** piety under Vehumet
  1388 | D        | Learned a level 5 spell: Bolt of Magma
  1399 | D        | Offered knowledge of Fulminant Prism by Vehumet.
  1399 | D        | Reached XP level 10. HP: 59/59 MP: 24/30
  1620 | D        | Offered knowledge of Bolt of Cold by Vehumet.
  1634 | D        | Learned a level 6 spell: Bolt of Cold
  1681 | D        | Reached skill level 15 in Spellcasting
  1681 | D        | Reached skill level 5 in Earth Magic
  1681 | D        | Reached skill level 1 in Ice Magic
  1703 | D        | Reached skill level 10 in Fire Magic
  1713 | D        | Noticed a five-headed hydra
  1713 | D        | Noticed a six-headed hydra
  1716 | D        | Killed a five-headed hydra
  1718 | D        | Killed a six-headed hydra
  1756 | D        | Got a twitching marble ring
  1782 | D        | Identified the ring "Jiptatunk" {rCorr rC+ rN+ Stlth-} (You found it in the Dungeon)
  1859 | D        | Noticed a spiny frog
  1859 | D        | Noticed a spiny frog
  1861 | D        | Killed a spiny frog
  1862 | D        | HP: 2/60 [spiny frog (20)]
  1864 | D        | Slain by a spiny frog

Vault maps used:
D:        dungeon_sprint_mu

Skill      XL: |  1  2  3  4  5  6  7  8  9 10 |
---------------+-------------------------------+-----
Spellcasting   | 5 6 8 11 12 13 14 15 | 15.7
Conjurations   | 2 3 4 6 7 8 9 |  9.8
Fire Magic     | 4 5 7 8 9 10 | 10.3
Fighting       | 2 3 4 5 6 |  6.3
Short Blades   | 3 4 5 6 7 |  7.4
Armour         | 2 3 4 5 6 |  6.3
Dodging        | 5 6 7 8 9 |  9.4
Air Magic      | 3 4 5 6 7 |  7.4
Poison Magic   | 3 4 6 7 8 |  8.2
Earth Magic    | 2 4 6 |  6.1
Ice Magic      | 3 |  3.2
Stealth        | |  2.4

Action                   |  1- 3 |  4- 6 |  7- 9 | 10-12 || total
-------------------------+-------+-------+-------+-------++-------
Melee: Dagger            |       |       |     3 |     5 ||     8
 Cast: Flame Tongue      |    16 |     6 |    36 |     3 ||    61
       Throw Flame       |     4 |       |       |     1 ||     5
       Conjure Flame     |     1 |       |     9 |       ||    10
       Sticky Flame      |       |     3 |     5 |     1 ||     9
       Mephitic Cloud    |       |     1 |     5 |       ||     6
       Fireball          |       |       |    10 |     1 ||    11
       Inner Flame       |       |       |     7 |     1 ||     8
       Stone Arrow       |       |       |     2 |       ||     2
       Bolt of Magma     |       |       |       |    16 ||    16
  Use: Potion            |     2 |       |       |     2 ||     4
       Scroll            |     1 |       |       |     5 ||     6
 Stab: Confused          |       |       |     1 |       ||     1
  Eat: Chunk             |       |       |     2 |       ||     2
       Bread ration      |       |       |       |     1 ||     1
Dodge: Dodged            |     1 |       |     5 |    21 ||    27

Table legend:
 A = Spawn XP
 B = Non-spawn XP
 C = Spawn XP percentage of total XP
 D = Spawn monster count
 E = Non-spawn monster count
 F = Spawn count percentage of total count
 G = Total turns spent on level
                    A         B        C        D         E        F      G
               +---------+---------+-------+---------+---------+-------+---------
         Total |       0 |    9852 |   0.0 |       0 |      70 |   0.0 |  1864
               +---------+---------+-------+---------+---------+-------+---------
             D |       0 |    9852 |   0.0 |       0 |      70 |   0.0 |  1864
               +---------+---------+-------+---------+---------+-------+---------
